 Dungeon Crawl Stone Soup version 0.22-a0-283-g1871b15 (webtiles) character file.

2477 tidbits the Insei (level 9, -4/67 (68) HPs)
             Began as a Gnoll Transmuter on Mar 18, 2018.
             Was an Initiate of Cheibriados.
             Slain by an orc warrior
             ... wielding a +0 hand axe
              (15 damage)
             ... on level 8 of the Dungeon.
             The game lasted 00:19:39 (2227 turns).

tidbits the Insei (Gnoll Transmuter)                Turns: 2227, Time: 00:19:39

HP:   -4/67 (68)    AC:  2    Str: 14    XL:     9   Next: 51%
MP:   10/18         EV: 26    Int: 19    God:    Cheibriados [......]
Gold: 378           SH:  0    Dex: 22    Spells: 6/21 levels left

rFire    . . .     SeeInvis .     - Unarmed
rCold    . . .     Gourm    .   (shield currently unavailable)
rNeg     . . .     Faith    .   (armour currently unavailable)
rPois    x         Spirit   .   (helmet currently unavailable)
rElec    .         Reflect  .   (cloak currently unavailable)
rCorr    .         Harm     .   (gloves currently unavailable)
MR       ++...                  (boots currently unavailable)
Stlth    ++++......             R - amulet of regeneration
HPRegen  0.61/turn              q - ring of stealth
MPRegen  0.16/turn              W - ring of wizardry

@: spider-form, very slow
A: tiny, distributed training, deterioration 1, magic resistance 2, strong nose
a: End Transformation, Bend Time, Renounce Religion


You were on level 8 of the Dungeon.
You worshipped Cheibriados.
Cheibriados was noncommittal.
You were not hungry.
You were a venomous arachnid creature.
You visited 2 branches of the dungeon, and saw 10 of its levels.

You collected 378 gold pieces.

Inventory:

Hand Weapons
 a - a +1 dagger (melded)
 i - a +1 whip of flaming
   (You found it on level 2 of the Dungeon)
 n - a +1 short sword of venom
   (You took it off an orc on level 5 of the Dungeon)
 o - a +0 hunting sling
 x - a +0 morningstar
Missiles
 e - 6 tomahawks
 f - 39 stones (quivered)
 h - 58 arrows
 y - 24 sling bullets
Armour
 z - a +3 leather armour
 A - a +0 ring mail
 B - a +0 robe (melded)
 C - a +2 cloak (melded)
 E - a +0 helmet (melded)
 F - a +0 pair of boots (melded)
 G - a +0 pair of gloves (melded)
Magical Staves
 l - an uncursed staff of cold
   (You found it on level 2 of the Dungeon)
 w - an uncursed staff of poison
   (You found it on level 5 of the Dungeon)
Jewellery
 q - a ring of stealth (left front leg)
   (You found it on level 4 of the Dungeon)
 s - an uncursed ring of fire
   (You found it on level 6 of the Dungeon)
 R - an amulet of regeneration (around neck)
   (You found it on level 1 of the Dungeon)
 W - a ring of wizardry (right front leg)
   (You found it on level 7 of the Dungeon)
Wands
 b - a wand of iceblast (11)
 p - a wand of paralysis (15)
 D - a wand of acid (6)
Scrolls
 k - 2 scrolls of immolation
 r - 6 scrolls of remove curse
 t - a scroll of random uselessness
 H - a scroll of amnesia
Potions
 c - a potion of mutation {!q}
 g - 2 potions of lignification {unknown}
 j - a potion of degeneration
 m - 2 potions of brilliance {unknown}
 u - a potion of berserk rage
 v - 2 potions of curing
Comestibles
 d - 11 rations


   Skills:
 + Level 5.0 Fighting
 + Level 4.2 Short Blades
 + Level 4.2 Long Blades
 + Level 4.2 Axes
 + Level 4.2 Maces & Flails
 + Level 4.2 Polearms
 + Level 4.2 Staves
 + Level 4.2 Slings
 + Level 4.2 Bows
 + Level 4.2 Crossbows
 + Level 4.2 Throwing
 + Level 4.2 Armour
 + Level 6.3 Dodging
 + Level 4.2 Stealth
 + Level 4.2 Shields
 + Level 7.9 Unarmed Combat
 + Level 6.6 Spellcasting
 + Level 3.5 Conjurations
 + Level 3.5 Hexes
 + Level 3.5 Charms
 + Level 3.5 Summonings
 + Level 3.5 Necromancy
 + Level 3.5 Translocations
 + Level 5.2 Transmutations
 + Level 3.5 Fire Magic
 + Level 3.5 Ice Magic
 + Level 3.5 Air Magic
 + Level 3.5 Earth Magic
 + Level 3.5 Poison Magic
 + Level 4.6 Invocations
 + Level 4.2 Evocations


You had 6 spell levels left.
You knew the following spells:

 Your Spells              Type           Power        Failure   Level  Hunger
e - Beastly Appendage     Tmut           ####..       2%          1    None
h - Blade Hands           Tmut           ####......   26%         5    #####..
i - Ice Form              Ice/Tmut       ###.....     16%         4    ####...
k - Sticks to Snakes      Tmut           ####....     3%          2    None
p - Spider Form           Tmut/Pois      ###.......   6%          3    ##.....


Dungeon Overview and Level Annotations

Branches:
Dungeon (9/15)             Temple (1/1) D:7
   Lair: D:8-11         Orc: D:9-12

Altars:
Ashenzari
Cheibriados
Dithmenos
Qazlal
Sif Muna
Uskayaw
Vehumet
Wu Jian


Innate Abilities, Weirdness & Mutations

Your experience applies equally to all skills.
((You have very sharp teeth.))
Your uncanny sense of smell can sniff out nearby items.
Your body sometimes deteriorates upon taking damage.
You are highly resistant to hostile enchantments. (MR++)


Message History

You see here a scroll of identify.
As you read the scroll of identify, it crumbles to dust.
H - a scroll of amnesia
Found 17 gold pieces.
An adder skeleton comes into view.
Found a stone staircase leading down.
You see here 17 gold pieces.
You now have 378 gold pieces (gained 17).
The helpless adder skeleton fails to defend itself.
You impale the adder skeleton!!
You destroy the adder skeleton!
Cheibriados appreciates the change of pace.
There is a stone staircase leading down here.
You climb downwards.
There is a stone staircase leading up here.
Unknown command.
You climb upwards.
There is a stone staircase leading down here.
Unknown command.
Your magical contamination has completely faded away.
A centaur comes into view.
You see here a ration.
d - 11 rations (gained 1)
A bullfrog skeleton comes into view.
The centaur shouts!
You hear a shout!
You hear a croak.
The centaur wields a shortbow.
The centaur shoots an arrow.
The arrow hits you.
You hear a shout! x2
You see here an arrow.
Casting: Spider Form (safe; 2% risk of failure)
Confirm with . or Enter, or press ? or * to list all spells.
You turn into a venomous arachnid creature.
Your +1 dagger melds into your body.
Your +2 cloak melds into your body.
Your +0 helmet melds into your body.
Your +0 pair of gloves melds into your body.
Your +0 pair of boots melds into your body.
Your +0 robe melds into your body.
You hear a shout! x2
The centaur shoots an arrow.
The arrow completely misses you.
The centaur shoots an arrow.
The arrow hits you.
You hear a croak.
Casting: Spider Form (safe; 6% risk of failure)
Confirm with . or Enter, or press ? or * to list all spells.
You create a snake!
You now have 58 arrows.
The centaur shoots an arrow.
The arrow hits you!
An orc and an orc warrior come into view.
The orc warrior shouts!
The orc shouts!
The bullfrog skeleton closely misses you.
The bullfrog skeleton hits you.
The orc warrior hits you with a hand axe!!
* * * LOW HITPOINT WARNING * * *
Found a leather armour and 16 gold pieces.
An orc wizard comes into view. It is wielding a dagger.
The flow of time bends around you. Cheibriados rebukes your ball python.
Your ball python seems to slow down.
Cheibriados rebukes the centaur.
The centaur seems to slow down.
Cheibriados rebukes the bullfrog skeleton.
The bullfrog skeleton seems to slow down.
The orc warrior resists with some effort.
You feel slightly more hungry.
Your ball python bites the bullfrog skeleton.
Your ball python barely misses the bullfrog skeleton.
The bullfrog skeleton completely misses you.
The centaur unwields an uncursed shortbow.
The centaur completely misses you.
The orc warrior hits you with a hand axe!
* * * LOW HITPOINT WARNING * * *
Unknown command.
You hit the centaur but do no damage.
The centaur is poisoned.
Your ball python bites the bullfrog skeleton.
Your ball python barely misses the bullfrog skeleton.
The bullfrog skeleton barely misses you.
The centaur hits you!
* * * LOW HITPOINT WARNING * * *
An orc comes into view. It is wielding a dagger of venom.
You bite the centaur!
The centaur looks as sick as possible!
The centaur is moderately wounded.
The orc warrior barely misses you.
The orc moves out of view.
An orc comes into view. It is wielding a flail of distortion.
You bite the centaur!
The centaur looks as sick as possible!
The centaur is almost dead.
The centaur misses you.
Your ball python barely misses the bullfrog skeleton.
Your ball python grabs the bullfrog skeleton.
Your ball python constricts the bullfrog skeleton.
The bullfrog skeleton completely misses you.
The orc warrior barely misses you.
Unknown command.
You hit the centaur but do no damage.
The centaur looks as sick as possible!
The centaur is almost dead.
You kill the centaur!
Cheibriados thoroughly appreciates the change of pace.
You feel your intelligence returning.
Your ball python bites the bullfrog skeleton.
Your ball python constricts the bullfrog skeleton.
The bullfrog skeleton hits you!
* * * LOW HITPOINT WARNING * * *
The orc warrior hits you with a hand axe!
You die...

#.## $... ... .[. #.#
..# #.# ∆ ..# #.# o.#
#.# #######oo###.# #.#
#...((sZo....# #.#
##.....S)...#..
#####.####..........#..#
.....................# #
.####.####.##########..
.+............. .#
.####.......... # .#
##....####.#
.#####...#.# #


You could see an orc warrior, an orc wizard, 2 orcs, a bullfrog skeleton and a
friendly ball python.

Vanquished Creatures
  Joseph (D:7)
  Prince Ribbit (D:8)
  A necrophage (D:8)
  An orc warrior (D:8)
  A sky beast (D:5)
  An ogre (D:5)
  2 centaurs
  3 bullfrogs
  A gnoll sergeant (D:4)
  3 wights (D:6)
  5 crimson imps
  A centaur zombie (D:6)
  2 hounds
  2 jellies
  4 orc priests
  An iguana (D:7)
  7 orc wizards
  4 worker ants
  7 gnolls
  4 adders
  3 shadow imps
  3 oozes
  2 adder skeletons
  A worm (D:4)
  A dart slug (D:2)
  2 leopard geckos
  19 orcs
  5 bats
  3 giant cockroaches
  4 goblins
  6 hobgoblins
  2 jackals (D:8)
  2 kobolds (D:3)
  2 quokkas
  A ball python skeleton (D:4)
  2 frilled lizards (D:2)
  A jackal skeleton (D:5)
  4 rats (D:3)
115 creatures vanquished.

Vanquished Creatures (collateral kills)
  An ogre (D:5)
  A bullfrog (D:7)
  A hound zombie (D:5)
  An adder (D:2)
  An orc (D:8)
  A giant cockroach (D:5)
  A goblin (D:2)
  A quokka (D:5)
8 creatures vanquished.

Vanquished Creatures (others)
  A worm (D:7)
1 creature vanquished.

Grand Total: 124 creatures vanquished

Notes
Turn   | Place    | Note
-------+----------+-------------------------------------------
     0 | D:1      | tidbits the Gnoll Transmuter began the quest for the Orb.
     0 | D:1      | Reached XP level 1. HP: 17/17 MP: 6/6
    85 | D:2      | Reached XP level 2. HP: 23/23 MP: 5/7
    89 | D:2      | Learned a level 2 spell: Sticks to Snakes
   210 | D:2      | HP: 2/23 [adder (5)]
   214 | D:2      | Reached skill level 5 in Spellcasting
   214 | D:2      | Reached XP level 3. HP: 19/28 MP: 3/9
   269 | D:3      | Learned a level 3 spell: Spider Form
   314 | D:3      | Reached skill level 1 in Invocations
   331 | D:3      | Reached skill level 1 in Short Blades
   331 | D:3      | Reached skill level 1 in Long Blades
   331 | D:3      | Reached skill level 1 in Axes
   331 | D:3      | Reached skill level 1 in Maces & Flails
   331 | D:3      | Reached skill level 1 in Polearms
   331 | D:3      | Reached skill level 1 in Staves
   331 | D:3      | Reached skill level 1 in Slings
   331 | D:3      | Reached skill level 1 in Bows
   331 | D:3      | Reached skill level 1 in Crossbows
   331 | D:3      | Reached skill level 1 in Throwing
   331 | D:3      | Reached skill level 1 in Armour
   331 | D:3      | Reached skill level 1 in Stealth
   331 | D:3      | Reached skill level 1 in Shields
   331 | D:3      | Reached skill level 1 in Evocations
   363 | D:3      | Reached XP level 4. HP: 25/34 MP: 8/11
   560 | D:3      | Reached skill level 1 in Conjurations
   560 | D:3      | Reached skill level 1 in Hexes
   560 | D:3      | Reached skill level 1 in Charms
   560 | D:3      | Reached skill level 1 in Summonings
   560 | D:3      | Reached skill level 1 in Necromancy
   560 | D:3      | Reached skill level 1 in Translocations
   560 | D:3      | Reached skill level 1 in Fire Magic
   560 | D:3      | Reached skill level 1 in Ice Magic
   560 | D:3      | Reached skill level 1 in Air Magic
   560 | D:3      | Reached skill level 1 in Earth Magic
   560 | D:3      | Reached skill level 1 in Poison Magic
   652 | D:4      | Reached XP level 5. HP: 40/40 MP: 8/12
   679 | D:4      | Reached skill level 3 in Fighting
   684 | D:4      | Reached skill level 4 in Transmutations
   814 | D:4      | Reached skill level 2 in Invocations
   814 | D:4      | Reached XP level 6. HP: 47/47 MP: 8/13
   856 | D:5      | Entered Level 5 of the Dungeon
   892 | D:4      | Reached skill level 2 in Short Blades
   892 | D:4      | Reached skill level 2 in Long Blades
   892 | D:4      | Reached skill level 2 in Axes
   892 | D:4      | Reached skill level 2 in Maces & Flails
   892 | D:4      | Reached skill level 2 in Polearms
   892 | D:4      | Reached skill level 2 in Staves
   892 | D:4      | Reached skill level 2 in Slings
   892 | D:4      | Reached skill level 2 in Bows
   892 | D:4      | Reached skill level 2 in Crossbows
   892 | D:4      | Reached skill level 2 in Throwing
   892 | D:4      | Reached skill level 2 in Armour
   892 | D:4      | Reached skill level 5 in Dodging
   892 | D:4      | Reached skill level 2 in Stealth
   892 | D:4      | Reached skill level 2 in Shields
   892 | D:4      | Reached skill level 2 in Evocations
   968 | D:5      | Reached XP level 7. HP: 46/52 MP: 11/15
  1026 | D:5      | Gained mutation: Your body sometimes deteriorates upon taking damage. [potion of mutation]
  1026 | D:5      | Gained mutation: You are resistant to hostile enchantments. (MR+) [potion of mutation]
  1026 | D:5      | Gained mutation: You are highly resistant to hostile enchantments. (MR++) [potion of mutation]
  1057 | D:5      | Reached skill level 7 in Unarmed Combat
  1086 | D:5      | Reached skill level 2 in Conjurations
  1086 | D:5      | Reached skill level 2 in Hexes
  1086 | D:5      | Reached skill level 2 in Charms
  1086 | D:5      | Reached skill level 2 in Summonings
  1086 | D:5      | Reached skill level 2 in Necromancy
  1086 | D:5      | Reached skill level 2 in Translocations
  1086 | D:5      | Reached skill level 2 in Fire Magic
  1086 | D:5      | Reached skill level 2 in Ice Magic
  1086 | D:5      | Reached skill level 2 in Air Magic
  1086 | D:5      | Reached skill level 2 in Earth Magic
  1086 | D:5      | Reached skill level 2 in Poison Magic
  1108 | D:5      | Found an ornate altar of the Wu Jian Council.
  1388 | D:5      | Reached skill level 3 in Invocations
  1392 | D:5      | Reached XP level 8. HP: 50/60 MP: 5/16
  1419 | D:5      | Reached skill level 4 in Fighting
  1420 | D:5      | Found a radiant altar of Vehumet.
  1422 | D:5      | Reached skill level 3 in Short Blades
  1422 | D:5      | Reached skill level 3 in Long Blades
  1422 | D:5      | Reached skill level 3 in Axes
  1422 | D:5      | Reached skill level 3 in Maces & Flails
  1422 | D:5      | Reached skill level 3 in Polearms
  1422 | D:5      | Reached skill level 3 in Staves
  1422 | D:5      | Reached skill level 3 in Slings
  1422 | D:5      | Reached skill level 3 in Bows
  1422 | D:5      | Reached skill level 3 in Crossbows
  1422 | D:5      | Reached skill level 3 in Throwing
  1422 | D:5      | Reached skill level 3 in Armour
  1422 | D:5      | Reached skill level 3 in Stealth
  1422 | D:5      | Reached skill level 3 in Shields
  1422 | D:5      | Reached skill level 3 in Evocations
  1433 | D:5      | Found a shadowy altar of Dithmenos.
  1549 | D:6      | Learned a level 4 spell: Ice Form
  1603 | D:6      | Reached skill level 6 in Spellcasting
  1810 | D:7      | Learned a level 5 spell: Blade Hands
  1874 | D:7      | Noticed Joseph
  1897 | D:7      | Killed Joseph
  1897 | D:7      | Reached skill level 6 in Dodging
  1897 | D:7      | Reached skill level 3 in Conjurations
  1897 | D:7      | Reached skill level 3 in Hexes
  1897 | D:7      | Reached skill level 3 in Charms
  1897 | D:7      | Reached skill level 3 in Summonings
  1897 | D:7      | Reached skill level 3 in Necromancy
  1897 | D:7      | Reached skill level 3 in Translocations
  1897 | D:7      | Reached skill level 3 in Fire Magic
  1897 | D:7      | Reached skill level 3 in Ice Magic
  1897 | D:7      | Reached skill level 3 in Air Magic
  1897 | D:7      | Reached skill level 3 in Earth Magic
  1897 | D:7      | Reached skill level 3 in Poison Magic
  1897 | D:7      | Reached skill level 4 in Invocations
  1897 | D:7      | Reached XP level 9. HP: 66/66 MP: 8/18
  1939 | D:7      | Reached skill level 5 in Transmutations
  1956 | D:8      | Noticed Prince Ribbit
  1978 | D:8      | Killed Prince Ribbit
  1978 | D:8      | Reached skill level 4 in Short Blades
  1978 | D:8      | Reached skill level 4 in Long Blades
  1978 | D:8      | Reached skill level 4 in Axes
  1978 | D:8      | Reached skill level 4 in Maces & Flails
  1978 | D:8      | Reached skill level 4 in Polearms
  1978 | D:8      | Reached skill level 4 in Staves
  1978 | D:8      | Reached skill level 4 in Slings
  1978 | D:8      | Reached skill level 4 in Bows
  1978 | D:8      | Reached skill level 4 in Crossbows
  1978 | D:8      | Reached skill level 4 in Throwing
  1978 | D:8      | Reached skill level 4 in Armour
  1978 | D:8      | Reached skill level 4 in Stealth
  1978 | D:8      | Reached skill level 4 in Shields
  1978 | D:8      | Reached skill level 4 in Evocations
  2041 | D:7      | Found a staircase to the Ecumenical Temple.
  2049 | Temple   | Entered the Ecumenical Temple
  2070 | Temple   | Became a worshipper of Cheibriados the Contemplative
  2158 | D:8      | Reached skill level 5 in Fighting
  2227 | D:8      | Slain by an orc warrior

Vault maps used:
D:1:      ncdulo_lavacross
D:3:      first_ration, bloody_trog
D:4:      lightli_minifort
D:5:      lemuel_ice_spiral_2, lemuel_doored_altar,
          amethyst_overflow_temple_binary
D:6:      elyvilon_altar_4, okawaru_ov_weapons_minmay, uniq_duvessa
D:7:      minmay_temple_entry_enclosed_plants, grunt_ogre_cave,
          minmay_misc_feat_tower, uniq_joseph
D:8:      hangedman_decor_diamond_cutter, grunt_ministairs_10, st_stairs_1,
          minmay_misc_feat_doors, minivault_14, uniq_prince_ribbit1
D:9:      led_sif_pool
Temple:   hc_temple_tempest_star

Skill      XL: |  1  2  3  4  5  6  7  8  9 |
---------------+----------------------------+-----
Spellcasting   | 5 6 |  6.6
Invocations    | 1 2 3 4 |  4.6
Short Blades   | 1 2 3 4 |  4.2
Long Blades    | 1 2 3 4 |  4.2
Axes           | 1 2 3 4 |  4.2
Maces & Flails | 1 2 3 4 |  4.2
Polearms       | 1 2 3 4 |  4.2
Staves         | 1 2 3 4 |  4.2
Slings         | 1 2 3 4 |  4.2
Bows           | 1 2 3 4 |  4.2
Crossbows      | 1 2 3 4 |  4.2
Throwing       | 1 2 3 4 |  4.2
Armour         | 1 2 3 4 |  4.2
Stealth        | 1 2 3 4 |  4.2
Shields        | 1 2 3 4 |  4.2
Evocations     | 1 2 3 4 |  4.2
Conjurations   | 1 2 3 |  3.5
Hexes          | 1 2 3 |  3.5
Charms         | 1 2 3 |  3.5
Summonings     | 1 2 3 |  3.5
Necromancy     | 1 2 3 |  3.5
Translocations | 1 2 3 |  3.5
Fire Magic     | 1 2 3 |  3.5
Ice Magic      | 1 2 3 |  3.5
Air Magic      | 1 2 3 |  3.5
Earth Magic    | 1 2 3 |  3.5
Poison Magic   | 1 2 3 |  3.5
Fighting       | 3 4 5 |  5.0
Transmutations | 4 5 |  5.2
Dodging        | 5 6 |  6.3
Unarmed Combat | 7 |  7.9

Action                   |  1- 3 |  4- 6 |  7- 9 || total
-------------------------+-------+-------+-------++-------
Melee: Unarmed           |    44 |   105 |   164 ||   313
       Kick              |     5 |       |       ||     5
       Bite              |     4 |     1 |     1 ||     6
       Dagger            |       |       |    17 ||    17
       Punch             |       |       |     1 ||     1
 Cast: Beastly Appendage |     8 |       |       ||     8
       Sticks to Snakes  |     3 |     3 |    14 ||    20
       Spider Form       |     2 |    17 |    22 ||    41
       Blade Hands       |       |       |     3 ||     3
Invok: Bend Time         |       |       |     1 ||     1
 Abil: End Transformatio |       |       |     3 ||     3
Evoke: Wand              |       |       |     4 ||     4
  Use: Potion            |     1 |       |     1 ||     2
       Scroll            |       |       |    12 ||    12
 Stab: Sleeping          |     1 |     3 |    11 ||    15
       Distracted        |     1 |     1 |     3 ||     5
       Paralysed         |       |       |     4 ||     4
  Eat: Chunk             |       |     2 |     7 ||     9
Armor: Robe              |     5 |     1 |    11 ||    17
       Skin              |     1 |     3 |     4 ||     8
Dodge: Dodged            |    14 |   104 |   142 ||   260

Table legend:
 A = Spawn XP
 B = Non-spawn XP
 C = Spawn XP percentage of total XP
 D = Spawn monster count
 E = Non-spawn monster count
 F = Spawn count percentage of total count
 G = Total turns spent on level
                    A         B        C        D         E        F      G
               +---------+---------+-------+---------+---------+-------+---------
         Total |       0 |    3539 |   0.0 |       0 |     123 |   0.0 |  2227
               +---------+---------+-------+---------+---------+-------+---------
           D:1 |       0 |      11 |   0.0 |       0 |       3 |   0.0 |    81
           D:2 |       0 |      50 |   0.0 |       0 |      13 |   0.0 |   313
           D:3 |       0 |     107 |   0.0 |       0 |      28 |   0.0 |   277
           D:4 |       0 |     376 |   0.0 |       0 |      17 |   0.0 |   270
           D:5 |       0 |    1017 |   0.0 |       0 |      27 |   0.0 |   556
           D:6 |       0 |     215 |   0.0 |       0 |       5 |   0.0 |   144
           D:7 |       0 |     868 |   0.0 |       0 |      15 |   0.0 |   380
           D:8 |       0 |     895 |   0.0 |       0 |      15 |   0.0 |   170
               +---------+---------+-------+---------+---------+-------+---------

Table legend:
 A = Turns spent in this place as a percentage of turns spent in the entire game.
 B = Non-inter-level travel turns spent in this place as a percentage of non-inter-level travel turns spent in the entire game.
 C = Inter-level travel turns spent in this place as a percentage of turns spent in this place.
 D = Turns resting spent in this place as a percentage of non-inter-level travel turns spent in this place.
 E = Turns spent auto-exploring this place as a percentage of non-inter-level travel turns spent in this place.
 F = Non-inter-level travel turns spent in this place divided by the number of levels of this place that you've seen.
                   A       B       C       D       E      F
               +-------+-------+-------+-------+-------+----------------------
         Total | 100.0 | 100.0 |   4.5 |   0.0 |   0.0 | 212.7
       Dungeon |  98.5 |  98.9 |   4.1 |   0.0 |   0.0 | 233.8
        Temple |   1.5 |   1.1 |  32.4 |   0.0 |   0.0 |  23.0
               +-------+-------+-------+-------+-------+----------------------

Table legend:
 A = Kills in this place as a percentage of kills in entire the game.
 B = Kills by you in this place as a percentage of kills by you in the entire game.
 C = Kills by friends in this place as a percentage of kills by friends in the entire game.
 D = Other kills in this place as a percentage of other kills in the entire game.
 E = Experience gained in this place as a percentage of experience gained in the entire game.
 F = Experience gained in this place divided by the number of levels of this place that you have seen.
                   A       B       C       D       E      F
               +-------+-------+-------+-------+-------+----------------------
         Total | 100.0 | 100.0 | 100.0 |   N/A | 100.0 | 353.9
       Dungeon | 100.0 | 100.0 | 100.0 |   N/A | 100.0 | 393.2
               +-------+-------+-------+-------+-------+----------------------

Vault maps used:
D:1:      ncdulo_lavacross
D:3:      first_ration, bloody_trog
D:4:      lightli_minifort
D:5:      lemuel_ice_spiral_2, lemuel_doored_altar,
          amethyst_overflow_temple_binary
D:6:      elyvilon_altar_4, okawaru_ov_weapons_minmay, uniq_duvessa
D:7:      minmay_temple_entry_enclosed_plants, grunt_ogre_cave,
          minmay_misc_feat_tower, uniq_joseph
D:8:      hangedman_decor_diamond_cutter, grunt_ministairs_10, st_stairs_1,
          minmay_misc_feat_doors, minivault_14, uniq_prince_ribbit1
D:9:      led_sif_pool
Temple:   hc_temple_tempest_star
